 Dungeon Crawl Stone Soup version 0.29-a0-330-g52719c12eb (webtiles) character file.

Game seed: 6083277537343907435

34 ImHallYall the Ducker (level 3, -12/29 HPs)
             Began as a Demigod Gladiator on Apr 12, 2022.
             Killed by nerve-wracking pain
             ... invoked by Jessica
              (13 damage)
             ... on level 2 of the Dungeon.
             The game lasted 00:02:05 (1496 turns).

ImHallYall the Ducker (Demigod Gladiator)           Turns: 1496, Time: 00:02:07

Health: -12/29     AC:  4    Str: 19    XL:     3   Next: 1%
Magic:  5/5        EV: 13    Int: 10    God:
Gold:   35         SH:  0    Dex: 15    Spells: 2/2 levels left

rFire   . . .      SeeInvis .   a - +0 war axe
rCold   . . .      Faith    .   (no shield)
rNeg    . . .      Spirit   .   b - +0 leather armour
rPois   .          Reflect  .   c - +0 helmet
rElec   .          Harm     .   (no cloak)
rCorr   .          Rampage  .   (no gloves)
Will    .....                   (no boots)
Stlth   +.........              (no amulet)
HPRegen 0.09/turn               (no ring)
MPRegen 0.09/turn               (no ring)

@: lethally poisoned (-12 -> -13)
A: high MP 1, forlorn, divine attributes
a: no special abilities


You were on level 2 of the Dungeon.
You visited 1 branch of the dungeon, and saw 2 of its levels.

You collected 35 gold pieces.

Inventory:

Hand Weapons
 a - a +0 war axe (weapon)
Missiles
 d - 3 throwing nets (quivered)
 e - a javelin
Armour
 b - a +0 leather armour (worn)
 c - a +0 helmet (worn)
Scrolls
 g - 6 scrolls of identify
 i - a scroll of teleportation
Potions
 f - a potion of attraction
 h - a potion of invisibility {unknown}


   Skills:
 + Level 1.9 Fighting
 + Level 3.1 Axes
 + Level 1.8 Throwing
 + Level 0.3 Armour
 + Level 3.3 Dodging
 + Level 0.2 Stealth


You had 2 spell levels left.
You didn't know any spells.
Your spell library was empty.

Dungeon Overview and Level Annotations

Branches:
Dungeon (2/15)

Annotations:
D:2 Jessica


Innate Abilities, Weirdness & Mutations

You have an increased reservoir of magic. (+10% MP)
You shall have no god before yourself.
Your divine heritage dramatically boosts your attributes as you level up.


Message History

You hit the ball python but do no damage.
You feel sick. The adder misses you. Jessica hits you but does no damage.
The ball python barely misses you. x2; The adder closely misses you.
Jessica closely misses you.
You closely miss the adder.
The adder is heavily wounded.
You slash the ball python!
You kill the ball python!
You completely miss Jessica.
You feel sick.
You are no longer poisoned.
Jessica hits you but does no damage. The adder bites you but does no damage.
Jessica hits you with a +0 club. The adder bites you.
* * * LOW HITPOINT WARNING * * *
You are poisoned.
The adder poisons you!
You hit Jessica.
Jessica is almost dead.
You miss the adder.
* * * LOW HITPOINT WARNING * * *
You feel sick. Jessica barely misses you.
The adder bites you but does no damage.
Jessica mumbles some strange words.
Jessica blinks!
The adder barely misses you.
You closely miss the adder.
The adder is heavily wounded.
You hit the dart slug.
* * * LOW HITPOINT WARNING * * *
You feel sick.
Jessica mumbles some strange words.
Jessica blinks!
The dart slug bites you.
* * * LOW HITPOINT WARNING * * *
The adder bites you but does no damage.
You closely miss the adder.
The adder is heavily wounded.
You hit the dart slug.
* * * LOW HITPOINT WARNING * * *
You feel sick. The adder closely misses you.
Jessica gestures at you while chanting. Pain shoots through your body!
You die...

#.. .... #."
... #.##..#
.@....### .
#........ ..
####........
...#...†w§....[
.......@S.#
..........#..#.
.......<.......
...#...##.##.#.
.. #### ... ..
. ###.## #


You could see an adder, a dart slug and Jessica (fast).

Vanquished Creatures
  3 ball pythons
  2 bats (D:1)
  5 endoplasms (D:1)
  A giant cockroach (D:1)
  2 goblins (D:1)
  7 hobgoblins
  2 quokkas (D:1)
  2 kobolds
  4 rats (D:1)
28 creatures vanquished.

Notes
Turn   | Place    | Note
-------+----------+-------------------------------------------
     0 | D:1      | ImHallYall the Demigod Gladiator began the quest for the
                  | Orb.
     0 | D:1      | Reached XP level 1. HP: 17/17 MP: 3/3
   160 | D:1      | Reached XP level 2. HP: 4/24 MP: 4/4
  1484 | D:2      | Noticed Jessica
  1489 | D:2      | Reached XP level 3. HP: 22/29 MP: 5/5
  1496 | D:2      | HP: 1/29 [poisoned by an adder]
  1496 | D:2      | Killed from afar by Jessica

Illustrated notes

Levels and vault maps discovered:
D:1:      sevenhm_arrival_forest_fort_large_2, layout_rooms,
          shapermc_ecumenical_altar_notcrosses
D:2:      layout_loops_cross, basic_altar, uniq_jessica

Skill      XL: |  1  2 |
---------------+-------+-----
Dodging        | 3 |  3.3
Axes           | 3 |  3.1
Fighting       | |  1.9
Throwing       | |  1.8
Armour         | |  0.3
Stealth        | |  0.2

Action                   || total
-------------------------++-------
Melee: War axe           ||    68
       Punch             ||     1
  Use: Scroll            ||     3
Armor: Leather armour    ||    40
Dodge: Dodged            ||    61

Table legend: (Time is in decaauts)
 A = Elapsed time spent in this place.
 B = Non-inter-level travel time spent in this place.
 C = Inter-level travel time spent in this place.
 D = Time resting spent in this place.
 E = Time spent auto-exploring this place.
 F = Levels seen in this place.
 G = Mean time per level.
                   A        B        C        D        E       F      G
               +--------+--------+--------+--------+--------+-----+--------+
         Total |   1520 |   1520 |      0 |    541 |    655 |   2 |  760.0 |
       Dungeon |   1520 |   1520 |      0 |    541 |    655 |   2 |  760.0 |
               +--------+--------+--------+--------+--------+-----+--------+

Top non-repeatable levels by time:
     D:1: 1501 daAuts
     D:2: 19 daAuts
